 Dungeon Crawl Stone Soup version 0.30-a0-222-ge547ba4400 (webtiles) character file.

Game seed: 15909709813016792685

58 Aibolit the Covered (level 4, -30/40 HPs)
             Began as a Hill Orc Fighter on Oct 8, 2022.
             Annihilated by an ogre
             ... wielding a +0 giant spiked club
              (34 damage)
             ... on level 3 of the Dungeon.
             The game lasted 00:02:45 (1779 turns).

Aibolit the Covered (Hill Orc Fighter)              Turns: 1779, Time: 00:02:46

Health: -30/40     AC: 11    Str: 20    XL:     4   Next: 1%
Magic:  4/4        EV:  7    Int:  8    God:
Gold:   117        SH:  4    Dex: 10    Spells: 3/3 levels left

rFire   . . .      SeeInvis .    a - +0 war axe
rCold   . . .      Faith    .    c - +0 buckler
rNeg    . . .      Spirit   .    q - +0 chain mail
rPois   .          Reflect  .    (no helmet)
rElec   .          Harm     .    (no cloak)
rCorr   .          Rampage  .    s - +0 pair of gloves
Will    .....                    u - +0 pair of boots
Stlth   ..........               (no amulet)
HPRegen 0.26/turn                (no ring)
MPRegen 0.09/turn                (no ring)

@: mighty
A: no striking features
a: no special abilities


You were on level 3 of the Dungeon.
You visited 1 branch of the dungeon, and saw 3 of its levels.

You collected 117 gold pieces.

Inventory:

Hand Weapons
 a - a +0 war axe (weapon)
Armour
 c - a +0 buckler (worn)
 q - a +0 chain mail (worn)
 s - a +0 pair of gloves (worn)
 u - a +0 pair of boots (worn)
Scrolls
 e - 3 scrolls of identify
 f - a scroll of teleportation
 g - a scroll of noise
 l - a scroll of immolation {unknown}
 m - a scroll of torment {unknown}
 n - a scroll of butterflies {unknown}
 p - a scroll of blinking {unknown}
 r - a scroll of acquirement {unknown}
 t - a scroll of summoning {unknown}
Potions
 b - a potion of ambrosia {unknown}
 d - a potion of might
 h - 3 potions of mutation
 i - 2 potions of attraction {unknown}
 j - a potion of resistance {unknown}
 k - 5 potions of curing
 o - a potion of cancellation {unknown}


   Skills:
 + Level 4.1 Fighting
 + Level 3.7 Axes
 + Level 4.1 Armour
 + Level 0.2 Dodging
 + Level 3.5 Shields


You had 3 spell levels left.
You didn't know any spells.
Your spell library contained the following spells:

 Spells                   Type           Power      Damage    Failure   Level
 Sandblast                Erth           0%         2d4       99%         1
 Passwall                 Tmut/Erth      0%         N/A       100%        2
 Stone Arrow              Conj/Erth      0%         3d7       100%        3
 Alistair's Intoxication  Tmut/Pois      0%         N/A       100%        5
 Borgnjor's Vile Clutch   Necr/Erth      0%         N/A       100%        5
 Eringya's Noxious Bog    Tmut/Pois      0%         N/A       100%        6


Dungeon Overview and Level Annotations

Branches:
Dungeon (3/15)

Altars:


Message History

You slash the endoplasm!
You kill the endoplasm!
The giant cockroach bites you but does no damage.
The giant cockroach closely misses you.
You hit the giant cockroach.
The giant cockroach is almost dead.
The giant cockroach bites you but does no damage.
You block the giant cockroach's attack.
You hit the giant cockroach.
You kill the giant cockroach!
No target in view!
e - 2 scrolls of identify (gained 1)
Found 5 stones.
No target in view!
You now have 109 gold pieces (gained 9).
e - 3 scrolls of identify (gained 1)
You now have 117 gold pieces (gained 8).
An ogre comes into view. It is wielding a +0 giant spiked club.
Found a hand axe.
The ogre shouts!
The ogre moves out of view.
No target in view!
An ogre is nearby!
Found a stone staircase leading up.
A bat comes into view.
You block the ogre's attack. You block the bat's attack.
You closely miss the ogre. You slash the bat!
You kill the bat!
The ogre hits you with a +0 giant spiked club!
An endoplasm comes into view.
You have reached level 4!
You feel very mighty all of a sudden.
The ogre hits you with a +0 giant spiked club!!
Ouch! That really hurt!
* * * LOW HITPOINT WARNING * * *
You slash the ogre!
The ogre is heavily wounded.
The ogre hits you with a +0 giant spiked club!!
Ouch! That really hurt!
You die...

.........
......... ........
#...... ##..#.#..
#.# .....) #.#
#####†.# #.#
######....@O# #.#
#......###........
#.# #......#
#.##.##.# #.#
#......# #.# .J
#.####......# #.#
#<. #...........#
#.# #
#.####......# #.#
#.# #......# #.#
#.#######.#####.#


You could see an ogre and an endoplasm.

Vanquished Creatures
  2 adders (D:2)
  5 ball pythons
  3 endoplasms
  3 giant cockroaches
  3 goblins
  6 hobgoblins
  3 kobolds
  6 bats
  3 frilled lizards
34 creatures vanquished.

Notes
Turn   | Place    | Note
-------+----------+-------------------------------------------
     0 | D:1      | Aibolit the Hill Orc Fighter began the quest for the Orb.
     0 | D:1      | Reached XP level 1. HP: 19/19 MP: 1/1
    69 | D:1      | Found a faded altar of an unknown god.
   101 | D:1      | Reached XP level 2. HP: 24/27 MP: 2/2
   881 | D:2      | Reached XP level 3. HP: 15/33 MP: 3/3
  1773 | D:3      | Noticed an ogre
  1778 | D:3      | Reached XP level 4. HP: 27/40 MP: 4/4
  1779 | D:3      | Annihilated by an ogre

Illustrated notes

Levels and vault maps discovered:
D:1:      lemuel_arrival_funnel, layout_loops_cross,
          shapermc_ecumenical_altar_venn, minivault_11
D:2:      layout_basic
D:3:      layout_basic, mainiacjoe_overflow_24_doors, dk_noncrumbling_3,
          uniq_terence

Skill      XL: |  1  2  3 |
---------------+----------+-----
Axes           | 3 |  3.7
Armour         | 4 |  4.1
Fighting       | 4 |  4.1
Dodging        | |  0.2
Shields        | |  3.5

Action                   |  1- 3 |  4- 6 || total
-------------------------+-------+-------++-------
Melee: War axe           |    79 |     1 ||    80
  Use: Scroll            |     4 |       ||     4
       Potion            |       |     1 ||     1
Armor: Scale mail        |    13 |       ||    13
       Chain mail        |    44 |       ||    44
Dodge: Dodged            |    27 |       ||    27
Block: Buckler           |    16 |       ||    16

Table legend: (Time is in decaauts)
 A = Elapsed time spent in this place.
 B = Non-inter-level travel time spent in this place.
 C = Inter-level travel time spent in this place.
 D = Time resting spent in this place.
 E = Time spent auto-exploring this place.
 F = Levels seen in this place.
 G = Mean time per level.
                   A        B        C        D        E       F      G
               +--------+--------+--------+--------+--------+-----+--------+
         Total |   1808 |   1608 |    200 |    181 |   1158 |   3 |  602.7 |
       Dungeon |   1808 |   1608 |    200 |    181 |   1158 |   3 |  602.7 |
               +--------+--------+--------+--------+--------+-----+--------+

Top non-repeatable levels by time:
     D:2: 895 daAuts
     D:1: 798 daAuts
     D:3: 113 daAuts
